 Dungeon Crawl Stone Soup version 0.21-a0-1-gaf3b9a5 (webtiles) character file.

104059 theElss the Bludgeoner (level 15, -27/220 HPs)
             Began as a Minotaur Berserker on May 20, 2017.
             Was the Champion of Trog.
             Killed from afar by a wizard (66 damage)
             ... with a crystal spear
             ... in a volcano.
             The game lasted 01:26:40 (25984 turns).

theElss the Bludgeoner (Minotaur Berserker)        Turns: 25984, Time: 01:26:40

Health: -27/220    AC: 29    Str: 32    XL:     15   Next: 90%
Magic:  1/7        EV: 12    Int:  4    God:    Trog [******]
Gold:   2001       SH:  7    Dex: 14    Spells: 14/14 levels left

rFire    + . .     SeeInvis .   Y - +2 eveningstar (antimagic)
rCold    . . .     Gourm    +   j - +0 buckler
rNeg     . . .     Faith    .   D - +3 plate armour {rF+}
rPois    +         Spirit   .   C - +0 hat {MR+}
rElec    .         Reflect  .   G - +1 cloak {+Inv}
rCorr    .         Harm     .   s - +1 pair of gloves of Complete Protection {MP+9}
MR       ++++.                  h - +1 pair of boots
Stlth    ..........             L - amulet of the gourmand
Regen    1.5/turn               V - ring of poison resistance
MPRegen  0.1/turn               S - +3 ring of dexterity

@: berserking, regenerating, very quick
A: retaliatory headbutt, horns 2
a: Berserk, Trog's Hand, Brothers in Arms, Burn Spellbooks, Renounce Religion,
Evoke Invisibility


You were in a volcano.
You worshipped Trog.
Trog was exalted by your worship.
You were not hungry.

You visited 3 branches of the dungeon, and saw 22 of its levels.
You visited the Abyss 1 time.
You also visited: Labyrinth, Ice Cave and Volcano.

You collected 2145 gold pieces.
You spent 144 gold pieces at shops.

Inventory:

Hand Weapons
 d - a +2 dire flail of crushing
 J - a +2 mace of flaming
 Y - a +2 antimagic eveningstar (weapon)
Armour
 h - a +1 pair of boots (worn)
 j - a +0 buckler (worn)
 s - the +1 pair of gloves of Complete Protection (worn) {MP+9}
   (You found it in an ice cave)

   It affects your magic capacity (+9).
 y - a +2 plate armour of cold resistance
 C - a +0 hat of magic resistance (worn)
 D - a +3 plate armour of fire resistance (worn)
 G - a +1 cloak of invisibility (worn)
 P - a +2 hat of intelligence
Jewellery
 m - the ring "Lusugixt" {*Corrode rElec AC+4 Dex-3 Stlth+, unknown}
   (You found it on level 14 of the Dungeon)

   [ring of protection]

   It affects your AC (+4).
   It affects your dexterity (-3).
   It insulates you from electricity.
   It may corrode you when you take damage.
   It makes you more stealthy.
 t - a +3 ring of protection
 w - the ring "Inuzeprae" {+Inv rC+}
   (You found it in a labyrinth)

   [ring of protection from cold]

   It protects you from cold.
   It lets you turn invisible.
 x - an uncursed ring of positive energy {unknown}
 B - an uncursed ring of flight
 E - an uncursed ring of fire
 L - an amulet of the gourmand (around neck)
 S - a +3 ring of dexterity (right hand)
 V - a ring of poison resistance (left hand)
Wands
 a - a wand of random effects (26/48)
 e - a wand of flame (24/48)
 k - a wand of iceblast (5/15)
 n - a wand of random effects (24/48)
 o - a wand of digging (8/24)
 u - a wand of lightning (9/15)
 I - a wand of flame (9/48)
Scrolls
 b - 3 scrolls of recharging
 i - 8 scrolls of remove curse
 l - 6 scrolls of fear
 p - a scroll of identify
 q - 4 scrolls of magic mapping
 F - 3 scrolls of blinking
 K - a scroll of enchant weapon
 R - 8 scrolls of teleportation
Potions
 g - 2 potions of invisibility
 r - 9 potions of curing
 z - a potion of agility {unknown}
 H - a potion of berserk rage
 M - a potion of resistance {unknown}
Comestibles
 c - 16 bread rations
 f - 11 meat rations
 v - 30 fruits
 A - 14 royal jellies


   Skills:
 + Level 17.2 Fighting
 - Level 18.2 Maces & Flails
 + Level 17.6 Armour
 + Level 5.8 Dodging
 + Level 11.5 Shields
 * Level 1.1 Evocations


You had 14 spell levels left.
You didn't know any spells.

Dungeon Overview and Level Annotations

Branches:
Dungeon (15/15)            Temple (0/1) D:6            Lair (6/6) D:11
  Swamp (0/4) Lair:4       Spider (0/4) Lair:2        Slime (0/5) Lair:5
    Orc (1/2) D:11         Vaults (0/5) D:14         Depths (0/5) D:15

Altars:
Ashenzari
Dithmenos
Elyvilon
Gozag
Hepliaklqana
Makhleb
Nemelex Xobeh
Okawaru
Qazlal
Ru
Sif Muna
Trog
Vehumet
The Shining One
Beogh
Jiyva

Shops:
D:6 (   D:11 [(   D:13 *   D:14 :?%


Innate Abilities, Weirdness & Mutations

You reflexively headbutt those who attack you in melee.
You have a pair of horns on your head.


Message History

The smoke demon closely misses you.
The large abomination hits you but does no damage.
You pass through the gate.
In the distance, the volcano erupts with a roar. x10
The wizard hits you but does no damage.
Unknown command.
A red film seems to cover your vision as you go berserk!
You feel yourself moving faster!
You feel mighty! You block the wizard's attack.
The toenail golem hits you but does no damage.
The wizard gestures at you while chanting.
The stone arrow hits you!
* * * LOW HITPOINT WARNING * * *
You hit the wizard.
The wizard's magic leaks into the air.
The wizard is lightly wounded.
The toenail golem hits you.
* * * LOW HITPOINT WARNING * * *
The wizard casts a spell at you. The crystal spear hits you!
You die...

≈≈§§≈≈§§≈§≈≈≈§≈≈≈≈≈≈§≈≈≈§≈§≈
§§§≈≈≈≈≈≈§§§≈≈≈≈§§§≈§§≈§≈§≈≈
#§§≈≈≈######################
§≈≈≈§§#...............#.....
###≈§.+.###+#+#####+#.'.∩.∩.
##..#..# #.#.....
##.##'########## #####+##
###...#p8....%♣
########.∩.'@p....≈%
#....'.....#.......≈
#.##################
#.#...)[(.'.# #.#...[...#.#
#.#)......#.# #.#########.#
#...........# #############


You could see a toenail golem and 2 wizards.

Vanquished Creatures
  Gastronok (Lair:1)
  A tentacled starspawn (Abyss:3)
  Nessos (Lair:5)
  5 dire elephants
  A minotaur (Lab)
  9 hydras
  2 great orbs of eyes
  An ogre mage (D:14)
  A rakshasa (D:15)
  A centaur warrior (D:13)
  An anaconda (Lair:6)
  A dancing weapon (Volcano)
  11 two-headed ogres
  A tengu warrior (D:14)
  A thrashing horror (Abyss:3)
  16 death yaks
  A wretched star (Abyss:3)
  2 unseen horrors
  2 starcursed masses (Abyss:3)
  2 wolf spider zombies (D:15)
  2 necromancers
  A deep elf mage (D:13)
  12 ugly things
  An oklob plant (Lair:2)
  7 cyclopes
  A salamander (D:15)
  4 manticores
  A worldbinder (Abyss:3)
  2 toenail golems (Volcano)
  4 black mambas
  17 elephants
  An ice statue (IceCv)
  A gargoyle (D:15)
  12 spiny frogs
  A smoke demon (Abyss:3)
  2 efreet
  A rime drake (Lair:2)
  An ancient zyme (Abyss:3)
  10 freezing wraiths (IceCv)
  5 komodo dragons
  A tengu conjurer (D:14)
  17 blink frogs
  5 hornets
  A jumping spider (Lair:2)
  12 hippogriffs
  5 slime creatures (D:15)
  A vampire (D:13)
  3 redbacks (Lair:2)
  2 water elementals (D:11)
  An ettin skeleton (Abyss:3)
  2 shadows
  A large abomination (Abyss:3)
  A wraith (D:15)
  A ynoxinul (Abyss:3)
  28 yaks
  5 basilisks
  2 wyverns
  A human (shapeshifter) (D:12)
  Eustachio (D:6)
  2 steam dragons
  4 vampire mosquitoes (D:13)
  A hungry ghost (D:10)
  Menkaure (D:7)
  A warg (Orc:1)
  A death yak simulacrum (IceCv)
  4 swamp worms (Lair:4)
  7 water moccasins
  3 soldier ants
  An acid dragon (D:15)
  4 porcupines
  Duvessa (D:7)
  12 orc warriors
  2 small abominations (Abyss:3)
  16 ice beasts
  2 sky beasts
  A black bear (D:8)
  2 phantoms
  A necrophage (D:10)
  4 eyes of draining
  10 ogres
  16 wolves
  7 centaurs
  13 crocodiles
  2 big kobolds
  13 bullfrogs
  2 gnoll sergeants
  Dowan (D:7)
  5 scorpions
  A swamp dragon simulacrum (IceCv)
  6 killer bees (D:12)
  4 wights (D:12)
  3 howler monkeys (D:14)
  7 electric eels
  6 crimson imps
  3 centaur zombies
  4 quasits
  2 bullfrog zombies
  7 draconian simulacra (IceCv)
  9 hounds
  4 jellies
  3 bullfrog skeletons
  14 orc priests
  8 centaur skeletons
  15 orc wizards
  15 worker ants
  4 iguanas
  3 troll simulacra (IceCv)
  A yak simulacrum (Lair:6)
  3 spriggan simulacra (IceCv)
  5 polar bear simulacra
  6 wolf simulacra
  A killer bee zombie (D:8)
  2 centaur simulacra (IceCv)
  A hound skeleton (D:10)
  A hound zombie (D:7)
  12 gnolls
  A worker ant zombie (D:9)
  3 naga simulacra (IceCv)
  12 adders
  2 howler monkey skeletons
  2 ogre simulacra (IceCv)
  3 shadow imps
  13 white imps
  2 oozes (D:3)
  2 adder skeletons
  2 adder zombies
  3 worms
  4 dart slugs
  7 leopard geckos
  71 orcs
  3 giant cockroaches
  7 goblins
  4 hobgoblins
  8 jackals
  9 kobolds
  5 quokkas
  A ball python (D:5)
  5 bats
  5 frilled lizards
  A jackal skeleton (D:8)
  2 leopard gecko zombies
  2 quokka skeletons
  A rat (D:1)
  A river rat simulacrum (Lair:6)
  5 plants
  2 starspawn tentacles (Abyss:3)
714 creatures vanquished.

Vanquished Creatures (collateral kills)
  2 thrashing horrors (Abyss:3)
  A hellion (Abyss:3)
  A small abomination (Abyss:3)
  A chaos spawn (Abyss:3)
  2 large abominations (Abyss:3)
7 creatures vanquished.

Vanquished Creatures (others)
  An unseen horror (D:15)
  A hound (D:14)
  6 fungi
  2 starspawn tentacles (Abyss:3)
10 creatures vanquished.

Grand Total: 731 creatures vanquished

Notes
Turn   | Place    | Note
-------+----------+-------------------------------------------
     0 | D:1      | theElss the Minotaur Berserker began the quest for the Orb.
     0 | D:1      | Reached XP level 1. HP: 19/19 MP: 0/0
   255 | D:1      | Reached XP level 2. HP: 27/27 MP: 1/1
   602 | D:1      | Reached skill level 4 in Maces & Flails
   815 | D:2      | Reached XP level 3. HP: 33/33 MP: 2/2
   895 | D:2      | Found an opulent altar of Gozag.
  1010 | D:2      | Reached ** piety under Trog
  1027 | D:2      | Reached XP level 4. HP: 38/41 MP: 3/3
  1190 | D:2      | Found a sparkling altar of Nemelex Xobeh.
  1589 | D:3      | Found a hazy altar of Hepliaklqana.
  1597 | D:3      | Noticed an ogre
  1610 | D:3      | Killed an ogre
  1610 | D:3      | Reached skill level 5 in Maces & Flails
  1610 | D:3      | Reached XP level 5. HP: 47/47 MP: 4/4
  1847 | D:3      | Reached skill level 6 in Maces & Flails
  1850 | D:3      | Found a sacrificial altar of Ru.
  1949 | D:3      | You fall through a shaft for 2 floors!
  1949 | D:5      | Entered Level 5 of the Dungeon
  1949 | D:5      | Found a white marble altar of Elyvilon.
  1958 | D:5      | Reached skill level 5 in Fighting
  1958 | D:5      | Reached XP level 6. HP: 56/56 MP: 5/5
  2081 | D:5      | Reached *** piety under Trog
  2091 | D:5      | Noticed a sky beast
  2342 | D:5      | Killed a sky beast
  2342 | D:5      | Reached skill level 7 in Maces & Flails
  2342 | D:5      | Reached XP level 7. HP: 61/61 MP: 6/6
  2907 | D:4      | Reached skill level 8 in Maces & Flails
  3079 | D:4      | Reached skill level 9 in Maces & Flails
  3098 | D:4      | Found a deep blue altar of Sif Muna.
  3098 | D:4      | Found a shattered altar of Ashenzari.
  3145 | D:4      | Reached **** piety under Trog
  3454 | D:5      | Reached XP level 8. HP: 59/69 MP: 5/7
  3534 | D:5      | Reached skill level 10 in Maces & Flails
  3834 | D:6      | Found a staircase to the Ecumenical Temple.
  3897 | D:6      | Reached skill level 11 in Maces & Flails
  4215 | D:6      | Noticed Eustachio
  4221 | D:6      | Killed Eustachio
  4278 | D:6      | Reached skill level 12 in Maces & Flails
  4300 | D:6      | Found Woczithairch's Weapon Emporium.
  4415 | D:6      | Found a glowing golden altar of the Shining One.
  4473 | D:6      | Found a burning altar of Makhleb.
  4534 | D:6      | Found a radiant altar of Vehumet.
  4686 | D:7      | Reached XP level 9. HP: 74/74 MP: 8/8
  4815 | D:7      | Reached ***** piety under Trog
  4850 | D:7      | Found a bloodstained altar of Trog.
  4851 | D:7      | Found an iron altar of Okawaru.
  4878 | D:7      | Noticed Menkaure
  4887 | D:7      | Killed Menkaure
  4887 | D:7      | Reached skill level 13 in Maces & Flails
  4962 | D:7      | Noticed Duvessa
  4962 | D:7      | Noticed Dowan
  4971 | D:7      | Killed Duvessa
  4985 | D:7      | Killed Dowan
  5238 | D:8      | Reached skill level 14 in Maces & Flails
  5840 | D:8      | Reached skill level 15 in Maces & Flails
  6157 | D:8      | Noticed a two-headed ogre
  6163 | D:8      | Killed a two-headed ogre
  6163 | D:8      | Reached XP level 10. HP: 81/81 MP: 9/9
  6221 | D:8      | Noticed a two-headed ogre
  6230 | D:8      | Killed a two-headed ogre
  6230 | D:8      | Reached skill level 16 in Maces & Flails
  6238 | D:8      | Found a stormy altar of Qazlal.
  7242 | D:9      | Found a shadowy altar of Dithmenos.
  7335 | D:9      | Noticed a two-headed ogre
  7347 | D:9      | Killed a two-headed ogre
  7347 | D:9      | Reached skill level 17 in Maces & Flails
  7654 | D:10     | Entered Level 10 of the Dungeon
  8023 | D:10     | Noticed a two-headed ogre
  8033 | D:10     | Killed a two-headed ogre
  8251 | D:10     | Reached XP level 11. HP: 84/88 MP: 10/10
  8409 | D:10     | Reached skill level 18 in Maces & Flails
  8948 | D:11     | Reached skill level 5 in Armour
 10125 | D:11     | Noticed a death yak
 10128 | D:11     | Noticed a death yak
 10164 | D:11     | Killed a death yak
 10167 | D:11     | Noticed a death yak
 10167 | D:11     | Noticed a death yak
 10431 | D:11     | Noticed a death yak
 10433 | D:11     | Noticed a death yak
 10434 | D:11     | Noticed a death yak
 10456 | D:11     | Killed a death yak
 10460 | D:11     | Killed a death yak
 10509 | D:11     | Noticed a death yak
 10510 | D:11     | Noticed a death yak
 10524 | D:11     | Killed a death yak
 10535 | D:11     | Killed a death yak
 10543 | D:11     | Killed a death yak
 10547 | D:11     | Killed a death yak
 10551 | D:11     | Killed a death yak
 10556 | D:11     | Killed a death yak
 10556 | D:11     | Reached skill level 10 in Armour
 10556 | D:11     | Reached XP level 12. HP: 66/104 MP: 11/11
 10857 | D:11     | Found a staircase to the Lair.
 10881 | D:11     | Found Tyziogee's Armour Shop.
 10886 | D:11     | Found a staircase to the Orcish Mines.
 10897 | D:11     | Found Tuokud's Weapon Shop.
 10900 | D:11     | Reached ****** piety under Trog
 11884 | D:12     | Reached skill level 10 in Fighting
 11959 | D:12     | Noticed an eight-headed hydra
 11965 | D:12     | Killed an eight-headed hydra
 12015 | D:12     | Received a gift from Trog
 12074 | D:12     | Found a white marble altar of Elyvilon.
 12123 | D:12     | Noticed a two-headed ogre
 12127 | D:12     | Killed a two-headed ogre
 12460 | Lair:1   | Entered Level 1 of the Lair of Beasts
 12589 | Lair:1   | Noticed a four-headed hydra
 12591 | Lair:1   | Noticed Gastronok
 12598 | Lair:1   | Killed a four-headed hydra
 12632 | Lair:1   | Killed Gastronok
 12633 | Lair:1   | Found a frozen archway.
 12826 | IceCv    | Entered an ice cave
 13624 | IceCv    | Found an ancient bone altar of Kikubaaqudgha.
 13634 | IceCv    | Reached XP level 13. HP: 102/118 MP: 12/12
 14343 | IceCv    | Got a pair of faintly glowing gloves
 14349 | IceCv    | Identified the +1 pair of gloves of Complete Protection {MP+9} (You found it in an ice cave)
 14975 | Lair:1   | Got an encrusted chain mail
 14986 | Lair:1   | Identified the cursed +1 chain mail "Sib Xepe" {rElec MP+9 Int-2 Dex+5} (You found it on level 1 of the Lair of Beasts)
 15044 | Lair:2   | Received a gift from Trog
 15048 | Lair:2   | Got a polished halberd {god gift}
 15089 | Lair:2   | Found a labyrinth entrance.
 15114 | Lab      | Entered a labyrinth
 15115 | Lab      | Identified the +9 halberd of Bodily Harmony {chop, rPois MR+ Dex+7} (Trog gifted it to you on level 2 of the Lair of Beasts)
 15308 | Lab      | Noticed a minotaur
 15313 | Lab      | Killed a minotaur
 15326 | Lab      | Got a translucent jade ring
 15351 | Lair:2   | Identified the ring "Inuzeprae" {+Inv rC+} (You found it in a labyrinth)
 16264 | Lair:2   | Found a hole to the Spider Nest.
 16633 | Lair:2   | Found a burning altar of Makhleb.
 18069 | Lair:4   | Received a gift from Trog
 18085 | Lair:4   | Reached skill level 15 in Armour
 18483 | Lair:4   | Reached skill level 5 in Dodging
 18510 | Lair:4   | Reached XP level 14. HP: 122/133 MP: 13/13
 18857 | Lair:4   | Found a staircase to the Swamp.
 19262 | Lair:5   | Reached skill level 15 in Fighting
 19298 | Lair:5   | Found a viscous altar of Jiyva.
 19298 | Lair:5   | Found a staircase to the Slime Pits.
 19554 | Lair:5   | Noticed Nessos
 19575 | Lair:5   | Killed Nessos
 19910 | Lair:5   | Received a gift from Trog
 20212 | Lair:6   | Entered Level 6 of the Lair of Beasts
 22154 | D:13     | Found Waadwam's Assorted Antiques.
 22285 | D:13     | Reached XP level 15. HP: 141/145 MP: 6/14
 22297 | D:13     | Received a gift from Trog
 22513 | D:14     | Found Nobyel's Food Shop.
 22784 | D:14     | Got a transparent glass ring
 22792 | D:14     | Found Jeotomom's Book Boutique.
 22809 | D:14     | Reached skill level 1 in Shields
 22955 | D:14     | Found a gate to the Vaults.
 23237 | D:14     | Reached skill level 5 in Shields
 23569 | D:14     | Found Figas's Magic Scroll Shop.
 23572 | D:14     | Bought a scroll of random uselessness for 17 gold pieces
 23572 | D:14     | Bought a scroll of vulnerability for 127 gold pieces
 23703 | D:15     | Entered Level 15 of the Dungeon
 24380 | D:15     | Received a gift from Trog
 24529 | D:15     | Found a staircase to the Depths.
 24549 | D:15     | Reached skill level 10 in Shields
 25006 | Orc:1    | Entered Level 1 of the Orcish Mines
 25235 | Orc:1    | Found a roughly hewn altar of Beogh.
 25482 | Orc:1    | Found a dark tunnel.
 25487 | Volcano  | Entered a volcano
 25656 | Volcano  | Cast into level 3 of the Abyss (a wizard)
 25806 | Abyss:3  | Noticed a tentacled starspawn
 25818 | Abyss:3  | Killed a tentacled starspawn
 25818 | Abyss:3  | Reached skill level 1 in Evocations
 25944 | Abyss:3  | Found a shimmering altar of Xom.
 25982 | Volcano  | Escaped the Abyss
 25984 | Volcano  | Killed from afar by a wizard

Vault maps used:
D:1:      roderic_dead_forest
D:2:      gammafunk_temple_overflow_arena, nicolae_overflow_crystal_walls
D:3:      lemuel_crystal_altar, lemuel_coloured_pillars_altar
D:4:      gammafunk_temple_overflow_wave
D:5:      elyvilon_altar_3, first_bread
D:6:      old_standard_altar, lemuel_doored_altar, kennysheep_mini,
          minmay_temple_entry_trees, kennysheep_windowed_goal, uniq_eustachio
D:7:      grunt_temple_overflow_bloody_war, uniq_duvessa, uniq_menkaure
D:8:      hangedman_pestilent_swarm, nrook_mini_backslash,
          nicolae_qazlal_eye_of_the_storm
D:9:      grunt_dithmenos_smoke_and_mirrors
D:11:     dpeg_lair_monsters, orc_david_3
D:12:     basic_altar
D:13:     serial_shops, shop, minmay_strange_pillars
D:14:     david_vaults_2, serial_shops, kennysheep_mini_moat, shop, shop_coins
D:15:     hangedman_depths_entry_try_elsewhere_first
Lair:1:   portal_ice_cave_entry_ice_beasts, st_stairs_9, uniq_gastronok
Lair:2:   spider_nest_entry_funnel_web, lab_entry_generic,
          grunt_forest_small_clearings, lemuel_centaur_altar,
          minmay_lair_oklob_chamber, lemuel_fruit_fields, grunt_megastairs_1
Lair:3:   serial_forest, infiniplex_forest_zigzag_1, infiniplex_forest_corner_1,
          infiniplex_forest_straight_2, infiniplex_forest_zigzag_2,
          infiniplex_forest_pool, infiniplex_forest_end_1,
          infiniplex_forest_lined_room_, infiniplex_staircase_pool
Lair:4:   nicolae_swamp_entry_splash_gauntlet, beast_lair_carwin_10,
          grunt_megastairs_5, lemuel_fruit_fields, lemuel_fruit_tree
Lair:5:   wad_woods_structure_01, dpeg_slime_entry_enclosed_altar,
          serial_bayou_lagoon_a, uniq_nessos
Lair:6:   due_jungle_book, st_stairs_4, minivault_23, eino_house_with_fridge
Orc:1:    basic_altar, enter_volcano_4
Lab:      labyrinth_spiral
IceCv:    ice_cave_small_necro
Volcano:  volcano_bunker

Skill      XL: |  1  2  3  4  5  6  7  8  9 10 11 12 13 14 15 |
---------------+----------------------------------------------+-----
Fighting       | 4 5 9 12 14 16 17 | 17.2
Maces & Flails | 4 5 6 7 9 12 15 17 18 | 18.2
Armour         | 3 4 10 13 15 17 | 17.6
Dodging        | 3 4 5 |  5.8
Shields        | 11 | 11.5
Evocations     | 1 |  1.1

Action                   |  1- 3 |  4- 6 |  7- 9 | 10-12 | 13-15 || total
-------------------------+-------+-------+-------+-------+-------++-------
Melee: Mace              |    57 |     7 |       |       |       ||    64
       Headbutt          |     8 |    16 |    99 |   175 |   337 ||   635
       Whip              |       |    80 |   434 |   136 |       ||   650
       Flail             |       |       |       |   406 |       ||   406
       Great mace        |       |       |       |   145 |   302 ||   447
       Dire flail        |       |       |       |    23 |    52 ||    75
       Halberd           |       |       |       |       |   168 ||   168
       Eveningstar       |       |       |       |       |   631 ||   631
Invok: Berserk           |       |     2 |     4 |    10 |     7 ||    23
       Trog's Hand       |       |       |     1 |       |     3 ||     4
       Brothers in Arms  |       |       |       |       |     1 ||     1
Evoke: Wand              |       |       |       |       |     1 ||     1
  Use: Scroll            |       |       |     8 |     3 |     5 ||    16
 Stab: Sleeping          |     1 |       |       |       |       ||     1
  Eat: Chunk             |       |     5 |    30 |    36 |    47 ||   118
Armor: Ring mail         |    18 |    19 |    74 |    18 |       ||   129
       Animal skin       |     3 |       |       |       |       ||     3
       Plate armour      |       |       |       |   275 |   861 ||  1136
       Chain mail        |       |       |       |       |    30 ||    30
Dodge: Dodged            |    40 |    33 |   146 |   223 |   604 ||  1046
Block: Buckler           |       |       |       |       |    89 ||    89
